 Dungeon Crawl Stone Soup version 0.28.0-53-g5a82cb258f (webtiles) character file.

Game seed: 16866937393867666910

40 firemarshallily the Cudgeller (level 3, -2/31 HPs)
             Began as a Palentonga Monk on July 7, 2022.
             Was a Priest of Kikubaaqudgha.
             Slain by Sigmund
             ... wielding a +0 scythe
              (8 damage)
             ... on level 2 of the Dungeon.
             The game lasted 00:04:18 (1426 turns).

firemarshallily the Cudgeller (Palentonga Monk)     Turns: 1426, Time: 00:04:18

Health: -2/31      AC:  4    Str: 16    XL:     3   Next: 30%
Magic:  4/4        EV: 10    Int: 10    God:    Kikubaaqudgha [***...]
Gold:   57         SH:  0    Dex: 12    Spells: 3/3 levels left

rFire   . . .      SeeInvis +   a - +0 mace
rCold   . . .      Faith    .   (no shield)
rNeg    . . .      Spirit   .   b - +0 robe
rPois   .          Reflect  .   (no helmet)
rElec   .          Harm     .   (no cloak)
rCorr   .          Rampage  .   (no gloves)
Will    .....                   (no barding)
Stlth   ++........              (no amulet)
HPRegen 0.10/turn               (no ring)
MPRegen 0.09/turn               (no ring)

@: no status effects
A: large, rugged brown scales 3, see invisible, deformed body, roll 1, armoured
tail
a: Rolling Charge, Renounce Religion, Receive Corpses


You were on level 2 of the Dungeon.
You worshipped Kikubaaqudgha.
Kikubaaqudgha was most pleased with you.
You visited 1 branch of the dungeon, and saw 2 of its levels.

You collected 57 gold pieces.

Inventory:

Hand Weapons
 a - a +0 mace (weapon)
Missiles
 d - 22 stones
Armour
 b - a +0 robe (worn)
Jewellery
 c - a ring of fire
Potions
 f - a potion of curing


   Skills:
 + Level 3.3 Fighting
 * Level 3.7 Maces & Flails
 - Level 2.4 Dodging
 - Level 1.2 Stealth
 + Level 0.8 Spellcasting
 + Level 1.0 Necromancy


You had 3 spell levels left.
You didn't know any spells.
Your spell library contained the following spells:

 Spells                   Type           Power      Damage    Failure   Level
 Animate Skeleton         Necr           4%         N/A       24%         1
 Pain                     Necr           8%         1d4       24%         1
 Corpse Rot               Necr/Air       2%         N/A       41%         2
 Animate Dead             Necr           1%         N/A       93%         4
 Anguish                  Hex/Necr       0%         N/A       96%         4
 Agony                    Necr           2%         N/A       100%        5
 Borgnjor's Vile Clutch   Necr/Erth      0%         N/A       100%        5
 Excruciating Wounds      Necr           1%         N/A       100%        5
 Death Channel            Necr           1%         N/A       100%        6


Dungeon Overview and Level Annotations

Branches:
Dungeon (2/15)

Altars:
Kikubaaqudgha

Annotations:
D:2 Sigmund


Innate Abilities, Weirdness & Mutations

You are completely covered in rugged brown scales. (AC +3, +7% HP)
You have supernaturally acute eyesight. (SInv)
Armour fits poorly on your strangely shaped body.
You can roll at nearby foes to attack.
You have a long armoured tail.


Message History

f - a potion of curing
Found a quarterstaff.
Found 18 bolts.
You see here a +0 quarterstaff.
You see here 18 bolts.
Sigmund gestures at you while chanting. The magic dart hits you.
Sigmund screams, "Die, monster!"
A ball python comes into view.
Sigmund gestures at you while chanting. The magic dart hits you.
* * * LOW HITPOINT WARNING * * *
The ball python hisses angrily.
Roll where?
Press: ? - help, Dir - move target, f - ball python
Aim: a ball python You roll forward with a clatter of scales!
You barely miss the ball python. The ball python bites you.
* * * LOW HITPOINT WARNING * * *
You hit the ball python but do no damage.
The ball python barely misses you.
The ball python bites you but does no damage.
You hit the ball python.
You kill the ball python!
Kikubaaqudgha accepts your kill.
Roll where?
Press: ? - help, Dir - move target, f - Sigmund
Aim: Sigmund, wielding a +0 scythe and wearing a +0 robe You roll forward with a clatter of scales!
You barely miss Sigmund. Sigmund barely misses you.
You hit Sigmund.
Sigmund is moderately wounded.
Sigmund barely misses you.
You hit Sigmund. You tail-slap Sigmund.
Sigmund is heavily wounded.
You hit Sigmund.
Sigmund is heavily wounded.
Sigmund hits you with a +0 scythe!
You die...
Kikubaaqudgha rasps: "You have failed me!
Welcome... death!"

,**** *,,,,*
################### ,,,,*
*,,,,*
#.................. ,****
*+,,+*
################### ,*
*,,,,* ,* **,*,* ,* *,,,*
,* *,*** **
#.#######################
#......°@@....(..).......
#########################


You could see Sigmund.

Vanquished Creatures
  2 adders (D:2)
  A dart slug (D:1)
  A bat (D:2)
  5 endoplasms (D:1)
  2 hobgoblins
  2 quokkas (D:1)
  4 ball pythons
  A goblin (D:1)
  2 rats
20 creatures vanquished.

Notes
Turn   | Place    | Note
-------+----------+-------------------------------------------
     0 | D:1      | firemarshallily the Palentonga Monk began the quest for the
                  | Orb.
     0 | D:1      | Reached XP level 1. HP: 19/19 MP: 1/1
   105 | D:1      | Found a faded altar of an unknown god.
   116 | D:1      | Prayed at the altar of an unknown god.
   116 | D:1      | Became a worshipper of Kikubaaqudgha
   116 | D:1      | Reached * piety under Kikubaaqudgha
   116 | D:1      | Received a gift from Kikubaaqudgha
   116 | D:1      | Reached ** piety under Kikubaaqudgha
   353 | D:1      | Reached *** piety under Kikubaaqudgha
   353 | D:1      | Received a gift from Kikubaaqudgha
   354 | D:1      | Reached XP level 2. HP: 25/25 MP: 2/2
   924 | D:2      | Reached XP level 3. HP: 8/31 MP: 2/4
  1342 | D:2      | Noticed Sigmund
  1376 | D:2      | Reached skill level 1 in Necromancy
  1426 | D:2      | Slain by Sigmund

Illustrated notes

Levels and vault maps discovered:
D:1:      nicolae_arrival_washed_ashore, layout_basic,
          hellmonk_ecumenical_altar_pennies_from_heaven, chequers_arboretum,
          hangedman_decor_points, kennysheep_pointless_box
D:2:      layout_basic, uniq_jessica, uniq_sigmund, uniq_crazy_yiuf_cottage

Skill      XL: |  1  2  3 |
---------------+----------+-----
Necromancy     | 1 |  1.0
Fighting       | |  3.3
Maces & Flails | |  3.7
Dodging        | |  2.4
Stealth        | |  1.2
Spellcasting   | |  0.8

Action                   || total
-------------------------++-------
Melee: Mace              ||    53
       Tailslap          ||     6
       Punch             ||     3
 Abil: Rolling Charge    ||     8
  Use: Scroll            ||     3
 Stab: Sleeping          ||     2
Armor: Robe              ||    11
Dodge: Dodged            ||    32
